 Dungeon Crawl Stone Soup version 0.21-a0-344-g2144152 (webtiles) character file.

233 4thArraOfDagon the Skirmisher (level 6, -1/63 HPs)
             Began as an Ogre Wanderer on Oct 4, 2017.
             Was a Follower of Zin.
             Slain by Prince Ribbit (17 damage)
             ... on level 5 of the Dungeon.
             The game lasted 00:07:26 (1583 turns).

4thArraOfDagon the Skirmisher (Ogre Wanderer)       Turns: 1583, Time: 00:07:27

Health: -1/63      AC:  4    Str: 15    XL:     6   Next: 4%
Magic:  2/2        EV:  9    Int: 17    God:    Zin [*.....]
Gold:   70         SH:  0    Dex:  3    Spells: 5/5 levels left

rFire    . . .     SeeInvis .   n - +7 mace of Qiarapa {antimagic, +Fly rPois Dex-5}
rCold    . . .     Gourm    .   (no shield)
rNeg     . . .     Faith    .   c - +1 robe
rPois    +         Spirit   .   (helmet restricted)
rElec    .         Reflect  .   (no cloak)
rCorr    .         Harm     .   (gloves unavailable)
MR       .....                  (boots unavailable)
Stlth    +.........             (no amulet)
HPRegen  0.20/turn              (no ring)
MPRegen  0.08/turn              (no ring)

@: no status effects
A: unfitting armour, tough skin 1
a: Recite, Donate Gold, Renounce Religion, Evoke Flight


You were on level 5 of the Dungeon.
You worshipped Zin.
Zin was aware of your devotion.
You were not hungry.

You visited 1 branch of the dungeon, and saw 6 of its levels.

You collected 77 gold pieces.
You donated 7 gold pieces to Zin.

Inventory:

Hand Weapons
 a - a +2 mace
 f - a +1 mace of holy wrath
 m - a +0 mace of crushing
 n - the +7 mace of Qiarapa (weapon) {antimagic, +Fly rPois Dex-5}
   (You found it on level 4 of the Dungeon)

   It reduces the magical energy of the wielder, and disrupts the spells and
   magical abilities of those hit.
   Natural abilities and divine invocations are not affected.
   It affects your dexterity (-5).
   It protects you from poison.
   It lets you fly.
Armour
 c - a +1 robe (worn)
Scrolls
 g - 3 scrolls of identify
 i - a scroll of remove curse
 k - a scroll of enchant armour
Potions
 l - a potion of brilliance
Comestibles
 d - 2 bread rations
 j - a meat ration


   Skills:
 + Level 4.6 Fighting
 * Level 4.6 Maces & Flails
 + Level 3.7 Dodging
 - Level 1.0 Stealth
 - Level 1.0 Evocations


You had 5 spell levels left.
You didn't know any spells.

Dungeon Overview and Level Annotations

Branches:
Dungeon (6/15)
 Temple: D:4-7

Altars:
Fedhas
Gozag
Xom
Yredelemnul
Zin

Annotations:
D:4 Crazy Yiuf
D:5 Prince Ribbit; nikopol's ghost, novice MiBe


Innate Abilities, Weirdness & Mutations

You are too large for most types of armour.
You have tough skin. (AC +1)


Message History

Prince Ribbit closely misses you. Prince Ribbit hits you.
Okay, then.
Okay, then.
Unknown command.
Prince Ribbit hits you!
* * * LOW HITPOINT WARNING * * *
Unknown command.
Prince Ribbit blinks!
Unknown command.
You feel better.
Prince Ribbit hits you but does no damage.
You feel better. Prince Ribbit closely misses you.
Okay, then.
Unknown command.
You hear the rusting of a drain nearby.
Prince Ribbit hits you!
* * * LOW HITPOINT WARNING * * *
Unknown command.
Prince Ribbit hits you!
You die...

...########
....>..>..#
..........############
..........<†.........#
..........####F####..#
..........# #@.# .##
........... #..# ##
.......$.........
##.######...##.### #.
#.#.##.# #.#.##.# ..#
.#


You could see Prince Ribbit.

Vanquished Creatures
  A centaur (D:4)
  A hound (D:4)
  2 orc wizards
  An adder (D:2)
  2 worms (D:2)
  5 dart slugs
  A leopard gecko (D:5)
  3 orcs
  A goblin (D:2)
  5 hobgoblins
  4 jackals (D:2)
  A ball python (D:1)
  4 bats
  5 frilled lizards
  6 kobolds
  5 rats
47 creatures vanquished.

Notes
Turn   | Place    | Note
-------+----------+-------------------------------------------
     0 | D:1      | 4thArraOfDagon the Ogre Wanderer began the quest for the Orb.
     0 | D:1      | 4thArraOfDagon set off with: a +2 mace, a potion of lignification, a +0 robe, a bread ration
     0 | D:1      | Reached XP level 1. HP: 22/22 MP: 1/1
   191 | D:1      | Reached XP level 2. HP: 25/29 MP: 2/2
   327 | D:1      | You fall through a shaft!
   350 | D:2      | Reached XP level 3. HP: 37/37 MP: 3/3
   507 | D:3      | Noticed an ogre
   922 | D:2      | Reached XP level 4. HP: 26/46 MP: 4/4
  1198 | D:3      | Found a faded altar of an unknown god.
  1206 | D:3      | Became a worshipper of Zin the Law-Giver
  1206 | D:3      | Reached * piety under Zin
  1287 | D:4      | Found a runed door.
  1296 | D:4      | Noticed Crazy Yiuf
  1357 | D:4      | Identified the +7 mace of Qiarapa {antimagic, +Fly rPois Dex-5} (You found it on level 4 of the Dungeon)
  1398 | D:5      | Entered Level 5 of the Dungeon
  1398 | D:5      | Noticed nikopol's ghost (novice MiBe)
  1422 | D:4      | Found a blossoming altar of Fedhas.
  1422 | D:4      | Found a basalt altar of Yredelemnul.
  1427 | D:4      | Found a faded altar of an unknown god.
  1429 | D:4      | Found a faded altar of an unknown god.
  1430 | D:4      | Found an opulent altar of Gozag.
  1458 | D:4      | Found a shimmering altar of Xom.
  1488 | D:5      | Noticed a centaur
  1493 | D:4      | Reached XP level 5. HP: 33/54 MP: 1/5
  1507 | D:4      | Killed a centaur
  1528 | D:5      | Reached XP level 6. HP: 21/63 MP: 2/6
  1537 | D:5      | Found a blossoming altar of Fedhas.
  1575 | D:5      | Noticed Prince Ribbit
  1583 | D:5      | Slain by Prince Ribbit

Vault maps used:
D:1:      dpeg_arrival_ternary
D:3:      marbit_many_paths, chequers_ecumenical_altar_simple_redux,
          hangedman_decor_clover_reticule
D:4:      xom_teletrap_fun, chequers_temple_overflow_minitemple, serial_shops,
          shop, first_bread, minivault_11, bh_walls_and_bars,
          uniq_crazy_yiuf_cottage, uniq_eustachio
D:5:      gup_sewer_entry_spiral, fedhas_altar_2, uniq_sigmund,
          uniq_prince_ribbit1, uniq_pikel
D:6:      uniq_menkaure

Skill      XL: |  1  2  3  4 |
---------------+-------------+-----
Maces & Flails | 3 4 |  4.6
Fighting       | 3 4 |  4.6
Dodging        | 3 |  3.7
Stealth        | |  1.0
Evocations     | |  1.0

Action                   |  1- 3 |  4- 6 || total
-------------------------+-------+-------++-------
Melee: Mace              |   100 |    52 ||   152
  Use: Potion            |     3 |     3 ||     6
       Scroll            |       |     8 ||     8
 Stab: Sleeping          |     2 |       ||     2
  Eat: Chunk             |       |     3 ||     3
Armor: Robe              |    27 |    15 ||    42
       Skin              |    12 |       ||    12
Dodge: Dodged            |    48 |    32 ||    80

Table legend:
 A = Spawn XP
 B = Non-spawn XP
 C = Spawn XP percentage of total XP
 D = Spawn monster count
 E = Non-spawn monster count
 F = Spawn count percentage of total count
 G = Total turns spent on level
                    A         B        C        D         E        F      G
               +---------+---------+-------+---------+---------+-------+---------
         Total |       0 |     333 |   0.0 |       0 |      47 |   0.0 |  1583
               +---------+---------+-------+---------+---------+-------+---------
           D:1 |       0 |      20 |   0.0 |       0 |      13 |   0.0 |   316
           D:2 |       0 |      62 |   0.0 |       0 |      21 |   0.0 |   671
           D:3 |       0 |       8 |   0.0 |       0 |       5 |   0.0 |   281
           D:4 |       0 |     197 |   0.0 |       0 |       5 |   0.0 |   246
           D:5 |       0 |      46 |   0.0 |       0 |       3 |   0.0 |    61
               +---------+---------+-------+---------+---------+-------+---------
